 Dungeon Crawl Stone Soup version 0.28.0-53-g5a82cb258f (webtiles) character file.

Game seed: 15487732940491849688

85 PentaManta the Ruffian (level 4, -2/36 HPs)
             Began as a Ghoul Gladiator on June 16, 2022.
             Killed themself with a badly aimed iceblast (8 damage)
             ... on level 2 of the Dungeon.
             The game lasted 00:02:55 (1845 turns).

PentaManta the Ruffian (Ghoul Gladiator)            Turns: 1845, Time: 00:02:56

Health: -2/36      AC:  4    Str: 17    XL:     4   Next: 48%
Magic:  3/3        EV: 12    Int:  5    God:
Gold:   92         SH:  0    Dex: 10    Spells: 3/3 levels left

rFire   . . .      SeeInvis .     - Unarmed
rCold   + . .      Faith    .   (no shield)
rNeg    + + +      Spirit   .   a - +0 leather armour
rPois   ∞          Reflect  .   j - +0 helmet
rElec   .          Harm     .   (no cloak)
rCorr   .          Rampage  .   (no gloves)
Will    .....                   (no boots)
Stlth   +.........              (no amulet)
HPRegen 0.00/turn               (no ring)
MPRegen 0.08/turn               (no ring)

@: inhibited regen
A: claws 1, cold resistance 1, negative energy resistance 3, inhibited
regeneration, torment resistance 2
a: no special abilities


You were on level 2 of the Dungeon.
You visited 1 branch of the dungeon, and saw 3 of its levels.

You collected 92 gold pieces.

Inventory:

Missiles
 c - 4 throwing nets (quivered)
Armour
 a - a +0 leather armour (worn)
 g - a +0 chain mail
 i - a +0 kite shield
 j - a +0 helmet (worn)
Wands
 h - a wand of iceblast (8)
Scrolls
 e - 2 scrolls of identify {unknown}
 f - 4 scrolls of enchant armour {unknown}
Potions
 d - a potion of curing {unknown}


   Skills:
 - Level 2.1 Fighting
 - Level 1.7 Throwing
 + Level 2.8 Dodging
 + Level 5.5 Unarmed Combat


You had 3 spell levels left.
You didn't know any spells.
Your spell library contained the following spells:

 Spells                   Type           Power      Damage    Failure   Level
 Animate Skeleton         Necr           0%         N/A       54%         1
 Apportation              Tloc           0%         N/A       54%         1
 Summon Small Mammal      Summ           0%         N/A       54%         1


Dungeon Overview and Level Annotations

Branches:
Dungeon (3/15)

Altars:

Annotations:
D:2 Robin


Innate Abilities, Weirdness & Mutations

You thrive by killing the living.
You are immune to poison.
You have sharp fingernails.
Your flesh is cold resistant. (rC+)
You are immune to negative energy. (rN+++)
You do not regenerate when monsters are visible.
You are immune to unholy pain and torment.


Message History

You barely miss the goblin. The goblin barely misses you.
The goblin hits you but does no damage. The goblin misses you.
Robin of the Strong Arm comes into view.
They are wielding a +0 dagger.
You scratch the goblin.
The goblin is heavily wounded.
The goblin barely misses you. The goblin hits you but does no damage.
Robin throws the goblin at you!
The goblin hits you with a +0 dagger of venom.
You claw the goblin!
You kill the goblin!
You feel better. The goblin hits you with a +0 club. x3
Robin laughs in a distinctly smug fashion.
Robin roars a battlecry!
The goblins go into a battle-frenzy!
You hear a shout! x3
You barely miss the goblin. The goblin hits you but does no damage.
The goblin hits you with a +0 club. The goblin barely misses you.
You scratch the goblin.
You kill the goblin!
A goblin comes into view. It is wielding a +0 dagger.
The goblin barely misses you. The goblin hits you with a +0 club.
Robin flexes a bicep menacingly.
Robin throws the goblin at you! The goblin hits you but does no damage.
The goblin hits you with a +0 club.
Items here: $ ( )) †.
You scratch the goblin but do no damage.
Robin throws the goblin at you!
A goblin comes into view. It is wielding a +0 club.
The goblin barely misses you. The goblin hits you with a +0 club.
* * * LOW HITPOINT WARNING * * *
The goblin hits you with a +0 club.
* * * LOW HITPOINT WARNING * * *
Okay, then.
Aiming: Iceblast
Press: ? - help, Shift-Dir - straight line That beam is likely to hit you.
Continue anyway?
The mass of ice explodes!
The iceblast engulfs the goblin!
You kill the goblin!
The iceblast engulfs you! You partially resist.
You die...

#..... ....... .....
....... #####.# ....
....... ......# ...
....... [.#####
.g#....... ..+ .g.......
..# ##########).......
#######.......##gg......
........#####.##@##+####
....(...#####.##)##.#
.............>......#
.†......######......#
........######.....##
........#...#####...#
........#...#####...#
................#...#
#########...###.#!..#


You could see Robin and 3 goblins.

Vanquished Creatures
  3 gnolls
  An adder (D:2)
  A dart slug (D:1)
  4 bats
  5 endoplasms (D:1)
  3 giant cockroaches
  4 goblins
  7 hobgoblins
  A quokka (D:2)
  7 ball pythons
  3 frilled lizards
  A kobold (D:1)
  5 rats
45 creatures vanquished.

Notes
Turn   | Place    | Note
-------+----------+-------------------------------------------
     0 | D:1      | PentaManta the Ghoul Gladiator began the quest for the Orb.
     0 | D:1      | Reached XP level 1. HP: 17/17 MP: 0/0
    28 | D:1      | Found a faded altar of an unknown god.
   168 | D:1      | Reached XP level 2. HP: 12/24 MP: 1/1
   169 | D:1      | Reached skill level 4 in Unarmed Combat
   434 | D:1      | Reached XP level 3. HP: 29/29 MP: 2/2
  1039 | D:2      | Reached skill level 5 in Unarmed Combat
  1359 | D:2      | Reached XP level 4. HP: 14/36 MP: 3/3
  1838 | D:2      | Noticed Robin
  1845 | D:2      | Killed themself with a badly aimed iceblast

Illustrated notes

Levels and vault maps discovered:
D:1:      dpeg_arrival_snail, layout_rooms, basic_ecumenical_altar
D:2:      layout_basic, roderic_serpentine_path, minmay_worlds_worst_comb,
          uniq_sigmund, uniq_robin
D:3:      layout_rooms, nzn_overflow_gifts_of_might_and_magic, uniq_grinder,
          uniq_jessica, uniq_pargi

Skill      XL: |  1  2  3 |
---------------+----------+-----
Unarmed Combat | 4 5 |  5.5
Fighting       | |  2.1
Throwing       | |  1.7
Dodging        | |  2.8

Action                   |  1- 3 |  4- 6 || total
-------------------------+-------+-------++-------
Melee: Unarmed           |    93 |    48 ||   141
       Punch             |     3 |       ||     3
Armor: Leather armour    |    26 |    22 ||    48
       Chain mail        |     4 |       ||     4
Dodge: Dodged            |    64 |    33 ||    97
